 Dungeon Crawl Stone Soup version 0.31-a0-7-g51783674b7 (webtiles) character file.

Game seed: 17366130841815742813

61 wotkd0121004 the Sneak (level 4, 0/27 HPs)
             Began as an Octopode Earth Elementalist on May 6, 2023.
             Succumbed to an adder's poison
             ... on level 3 of the Dungeon.
             The game lasted 00:04:30 (1194 turns).

wotkd0121004 the Sneak (OpEE)                       Turns: 1194, Time: 00:04:30

Health: 0/27       AC:  1    Str:  7    XL:     4   Next: 7%
Magic:  12/17      EV: 13    Int: 19    God:
Gold:   68         SH:  0    Dex: 12    Spells: 4/8 levels left

rFire   + . .        c - +0 short sword
rCold   + . .        (no shield)
rNeg    . . .        (helmet restricted)
rPois   +            (no amulet)
rElec   +            k - ring of magical power
rCorr   +            (no ring)
SInv    .            (no ring)
Will    .....        (no ring)
Stlth   +++          (no ring)
HPRegen 0.24/turn    (no ring)
MPRegen 0.15/turn    (no ring)
                     (no ring)

%: no passive effects
@: lethally poisoned (0 -> -7), resistant
A: almost no armour, amphibious, 8 rings, camouflage 1, gelatinous body 1,
(nimble swimmer 1), tentacles
a: no special abilities


You were on level 3 of the Dungeon.
You visited 1 branch of the dungeon, and saw 3 of its levels.

You collected 68 gold pieces.

Inventory:

Hand Weapons
 c - a +0 short sword (weapon)
Jewellery
 k - a ring of magical power (left tentacle)
Scrolls
 e - 2 scrolls of teleportation {unknown}
 g - a scroll of blinking
 h - a scroll of amnesia
 i - 2 scrolls of vulnerability {unknown}
 l - a scroll of enchant weapon {unknown}
Potions
 a - a potion of magic
 d - a potion of might
 f - a potion of brilliance


   Skills:
 + Level 2.4 Dodging
 + Level 3.4 Stealth
 * Level 2.8 Spellcasting
 + Level 1.7 Transmutations
 + Level 3.3 Earth Magic


You had 4 spell levels left.
You knew the following spells:

 Your Spells              Type           Power      Damage    Failure   Level
a - Sandblast             Erth           30%        2d9       4%          1
b - Stone Arrow           Conj/Erth      16%        3d8       24%         3

Your spell library contained the following spells:

 Spells                   Type           Power      Damage    Failure   Level
 Passwall                 Tmut/Erth      10%        N/A       9%          2
 Wereblood                Tmut           9%         N/A       12%         2
 Magic Dart               Conj           8%         1d3       16%         1
 Searing Ray              Conj           4%         2d4       24%         2
 Sublimation of Blood     Necr           2%         N/A       24%         2
 Petrify                  Tmut/Erth      12%        N/A       50%         4
 Fulminant Prism          Conj/Hex       1%         3d5       83%         4
 Summon Hydra             Summ           1%         N/A       100%        7


Dungeon Overview and Level Annotations

Branches:
Dungeon (3/15)

Altars:


Innate Abilities, Weirdness & Mutations

You cannot wear most types of armour.
You are amphibious.
You can wear up to eight rings at the same time.
Your skin changes colour to match your surroundings (Stealth+).
Your rubbery body absorbs attacks. (AC +1, EV +1)
((You are camouflaged when in or above water. (Stealth+)))
You have tentacles for arms and can constrict up to eight enemies at once.


Message History

Aim: an adder (moderately wounded, 70% to hit)
The blast of sand misses the adder.
The adder bites you.
Casting: Sandblast (safe; 4% risk of failure)
Confirm with . or Enter, or press ? or * to list all spells.
Aiming: Sandblast (safe; 4% risk of failure)
Press: ? - help, Shift-Dir - straight line, f/p - adder
Aim: an adder (moderately wounded, 70% to hit)
The blast of sand hits the adder but does no damage.
The adder is moderately wounded.
The adder bites you.
You are poisoned.
The adder poisons you! The adder bites you.
You are more poisoned.
The adder poisons you!
Sorry, you're not good enough to have a special ability.
Casting: Sandblast (safe; 4% risk of failure)
Confirm with . or Enter, or press ? or * to list all spells.
Aiming: Sandblast (safe; 4% risk of failure)
Press: ? - help, Shift-Dir - straight line, f/p - adder
Aim: an adder (moderately wounded, 70% to hit)
The blast of sand hits the adder.
The adder is severely wounded.
You feel very sick. The adder bites you.
* * * LOW HITPOINT WARNING * * *
You are more poisoned.
The adder poisons you! The adder bites you.
* * * LOW HITPOINT WARNING * * *
Casting: Sandblast (safe; 4% risk of failure)
Confirm with . or Enter, or press ? or * to list all spells.
Aiming: Sandblast (safe; 4% risk of failure)
Press: ? - help, Shift-Dir - straight line, f/p - adder
Aim: an adder (severely wounded, 70% to hit)
The blast of sand hits the adder.
You kill the adder!
* * * LOW HITPOINT WARNING * * *
You feel very sick.
You have reached level 4!
You feel protected.
You die...

########## #........#
##########..
#........###...<.......
#......)...............
#######.####......^..##
#..##..........#
#..##.##########
#.@.......
#....#.#.?.<>
#............
#.......#.####.
###....##.. #....# ##.
#..#.# ## #.##.


There were no monsters in sight!

Vanquished Creatures
  An iguana (D:3)
  2 adders
  A ball python (D:2)
  2 endoplasms
  A giant cockroach (D:3)
  A goblin (D:2)
  2 hobgoblins (D:2)
  6 frilled lizards
  2 kobolds
  3 rats (D:1)
21 creatures vanquished.

Notes
Turn   | Place    | Note
-------+----------+-------------------------------------------
     0 | D:1      | wotkd0121004 the Octopode Earth Elementalist began the
                  | quest for the Orb.
     0 | D:1      | Reached XP level 1. HP: 11/11 MP: 3/3
   704 | D:2      | Reached XP level 2. HP: 17/17 MP: 3/5
   944 | D:2      | Reached XP level 3. HP: 21/21 MP: 2/6
  1046 | D:2      | Learned a level 3 spell: Stone Arrow
  1193 | D:3      | HP: 1/21 [poisoned by an adder]
  1194 | D:3      | Reached XP level 4. HP: 2/27 MP: 8/8
  1194 | D:3      | Succumbed to an adder's poison

Illustrated notes

Levels and vault maps discovered:
D:1:      sevenhm_arrival_forest_fort_large_1, layout_loops_ring
D:2:      layout_basic
D:3:      layout_rooms, uniq_grinder, uniq_natasha, uniq_ijyb

Skill      XL: |  1  2 |
---------------+-------+-----
Stealth        | 3 |  3.4
Dodging        | |  2.4
Spellcasting   | |  2.8
Transmutations | |  1.7
Earth Magic    | |  3.3

Action                     |  1- 3 |  4- 6 || total
---------------------------+-------+-------++-------
  Melee: Short sword       |    11 |       ||    11
         Unarmed           |     6 |       ||     6
         Tentacles         |     3 |       ||     3
         Constrict         |     3 |       ||     3
         Punch             |     1 |       ||     1
   Cast: Sandblast         |    22 |       ||    22
    Use: Scroll            |     5 |       ||     5
         Potion            |       |     1 ||     1
   Stab: Sleeping          |     7 |       ||     7
  Dodge: Dodged            |     9 |       ||     9

Table legend: (Time is in decaauts)
 A = Elapsed time spent in this place.
 B = Non-inter-level travel time spent in this place.
 C = Inter-level travel time spent in this place.
 D = Time resting spent in this place.
 E = Time spent auto-exploring this place.
 F = Levels seen in this place.
 G = Mean time per level.
                   A        B        C        D        E       F      G
               +--------+--------+--------+--------+--------+-----+--------+
         Total |   1203 |   1168 |     35 |      0 |    990 |   3 |  401.0 |
       Dungeon |   1203 |   1168 |     35 |      0 |    990 |   3 |  401.0 |
               +--------+--------+--------+--------+--------+-----+--------+

Top non-repeatable levels by time:
     D:1: 670 daAuts
     D:2: 450 daAuts
     D:3: 82 daAuts
